 Dungeon Crawl Stone Soup version 0.23.0-3-gf3c87f2 (webtiles) character file.

Game seed: 13610003659656588749

17 sking99 the Ruffian (level 2, -9/25 HPs)
             Began as a Naga Transmuter on Feb 24, 2019.
             Mangled by an iguana (15 damage)
             ... on level 1 of the Dungeon.
             The game lasted 00:02:03 (1156 turns).

sking99 the Ruffian (Naga Transmuter)               Turns: 1156, Time: 00:02:04

Health: -9/25      AC:  1    Str: 12    XL:     2   Next: 62%
Magic:  4/5        EV: 10    Int: 13    God:
Gold:   42         SH:  0    Dex: 11    Spells: 2/5 levels left

rFire    . . .     SeeInvis +     - Unarmed
rCold    . . .     Gourm    .   (no shield)
rNeg     . . .     Faith    .   b - +0 robe
rPois    +         Spirit   .   e - +0 hat
rElec    .         Reflect  .   (no cloak)
rCorr    .         Harm     .   (no gloves)
MR       .....                  (no barding)
Stlth    +.........             (no amulet)
HPRegen  0.08/turn              (no ring)
MPRegen  0.09/turn              (no ring)

@: short of breath, appendage, very slow
A: large, horns 2, see invisible, deformed body, poison resistance, slowness 2,
slow metabolism 1, spit poison 1, AC +0
a: Spit Poison, End Transformation


You were on level 1 of the Dungeon.
You were not hungry.
You had grown temporary horns.
You visited 1 branch of the dungeon, and saw 2 of its levels.

You collected 42 gold pieces.

Inventory:

Missiles
 a - 12 arrows
Armour
 b - a +0 robe (worn)
 e - a +0 hat (worn)
Scrolls
 g - a scroll of enchant armour {unknown}
 h - a scroll of identify {unknown}
 i - a scroll of magic mapping {unknown}
 k - 2 scrolls of fear {unknown}
 l - a scroll of remove curse {unknown}
Potions
 c - a potion of flight {unknown}
 j - a potion of heal wounds {unknown}
Comestibles
 d - 2 rations


   Skills:
 + Level 1.4 Fighting
 + Level 1.8 Dodging
 * Level 3.4 Unarmed Combat
 - Level 2.0 Spellcasting
 - Level 2.0 Transmutations


You had 2 spell levels left.
You knew the following spells:

 Your Spells              Type           Power        Failure   Level  Hunger
a - Beastly Appendage     Tmut           #.....       11%         1    ##.....
b - Sticks to Snakes      Tmut           #.......     17%         2    ###....

Your spell library contained the following spells:

 Spells                   Type           Power        Failure   Level  Hunger
 Spider Form              Tmut/Pois      #.........   45%         3    ####...
 Ice Form                 Ice/Tmut       #.......     86%         4    #####..
 Blade Hands              Tmut           #.........   97%         5    ######.


Dungeon Overview and Level Annotations

Branches:
Dungeon (2/15)

Altars:


Innate Abilities, Weirdness & Mutations

You cannot wear boots.
Your serpentine skin is tough. (AC +0)
You have supernaturally acute eyesight. (SInv)
Armour fits poorly on your strangely shaped body.
Your system is resistant to poisons. (rPois)
You cover ground very slowly.
You have a slow metabolism.
You can spit poison.
You have a pair of horns on your head.


Message History

The iguana bites you. The iguana closely misses you.
You climb upwards.
There is a stone staircase leading down here.
Okay, then.
You closely miss the iguana.
The iguana is lightly wounded.
Unknown command.
Press: ? - help, Shift-Dir - straight line, f - iguana
Aim: an iguana (lightly wounded)
The splash of poison hits the iguana.
The iguana is moderately wounded.
You feel slightly more hungry. The iguana bites you!
Ouch! That really hurt!
* * * LOW HITPOINT WARNING * * *
Casting: Beastly Appendage (safe; 11% risk of failure)
Confirm with . or Enter, or press ? or * to list all spells.
You grow a pair of large bovine horns.
The iguana bites you!
Ouch! That really hurt!
You die...

#..# #..##...#.###.#
#..#####..#......# #.#
#.........##.....# #.#
##.##########.#### #.# #.# #.#
#.# #.# #.# #.# ### #.# ##'##
##.## ..####.### ##l..##
#...####### .........#
##.@...###.........# ..###....#
##.......##...#.###.#
..###....####.........####...##.#
............'.........+.......#.#
..##..)..####.........####......#
.###.##..# ##.......## ##.....#
.# #.###.# ##.....## ##...##
.###.###.# ##...## ##.##
#........# ##'## #.#


You could see an iguana.

Vanquished Creatures
  2 leopard geckos (D:1)
  A giant cockroach (D:1)
  5 goblins (D:1)
  A hobgoblin (D:1)
  A kobold (D:1)
  A frilled lizard (D:1)
  2 rats (D:1)
13 creatures vanquished.

Notes
Turn   | Place    | Note
-------+----------+-------------------------------------------
     0 | D:1      | sking99 the Naga Transmuter began the quest for the Orb.
     0 | D:1      | Reached XP level 1. HP: 18/18 MP: 3/3
   402 | D:1      | Reached XP level 2. HP: 22/25 MP: 3/5
   534 | D:1      | Learned a level 2 spell: Sticks to Snakes
  1156 | D:1      | Mangled by an iguana

Action                   || total
-------------------------++-------
Melee: Unarmed           ||    37
       Punch             ||     2
       Headbutt          ||     2
 Cast: Beastly Appendage ||    10
 Abil: Spit Poison       ||     3
 Stab: Sleeping          ||     1
Armor: Robe              ||     1
Dodge: Dodged            ||    18
